 Dungeon Sprint DCSS version 0.21-a0-401-g0b6bec4 (webtiles) character file.

289506 Amnesiac the Unseen (level 13, 102/102 (103) HPs)
             Began as a Demonspawn Earth Elementalist on Oct 21, 2017.
             Was the Champion of Dithmenos.
             Escaped with the Orb!
             The game lasted 00:34:00 (5007 turns).

Amnesiac the Unseen (Demonspawn Earth Elementalist) Turns: 5007, Time: 00:34:00

HP:   102/102 (103) AC: 16    Str:  8    XL:     13   Next: 48%
MP:   25/26         EV: 40    Int: 23    God:    Dithmenos [******]
Gold: 3635          SH:  6    Dex: 25    Spells: 11/30 levels left

rFire    + . .     SeeInvis +   s - +6 quick blade
rCold    + + .     Gourm    .   u - +0 buckler
rNeg     . . .     Faith    .   y - +2 robe of Vines {NoPotionHeal Regen+7}
rPois    +         Spirit   .   L - +2 helmet {Int+3}
rElec    +         Reflect  .   p - +2 cloak of the Thief {+Fog Slay-2 SInv Stlth+}
rCorr    +         Harm     .   (no gloves)
MR       .....     NoTele   +   B - +1 pair of boots {run}
Stlth    +++++++...             J - amulet of the Air {Inacc +Fly rElec EV+5 RMsl}
HPRegen  3.07/turn              M - ring of Atheism {Dex+4 Slay+4}
MPRegen  0.20/turn              (no ring)

@: agile, resistant, hasted, wreathed by umbra, repel missiles, very quick
A: claws 2, slimy green scales 2, cold resistance 1, nightstalker 1, screaming
1, shaggy fur 1, freezing cloud immunity
0: Orb of Zot
a: Shadow Step, Shadow Form, Renounce Religion, Evoke Fog, Evoke Flight


You escaped.
You worshipped Dithmenos.
Dithmenos was exalted by your worship.
You were not hungry.

You visited 1 branch You collected 6208 gold pieces.
You spent 2573 gold pieces at shops.

Inventory:

Hand Weapons
 n - a +0 blowgun
 o - a +0 dagger of distortion
 s - a +6 quick blade (weapon)
Missiles
 b - a throwing net
 l - 7 curare-tipped needles
 G - 65 stones (quivered)
Armour
 p - the +2 cloak of the Thief (worn) {+Fog Slay-2 SInv Stlth+}
   (You bought it in a shop in the Dungeon)

   It affects your accuracy and damage with ranged weapons and melee attacks
   (-2).
   It lets you see invisible.
   It makes you more stealthy.
 u - a +0 buckler (worn)
 y - the +2 robe of Vines (worn) {NoPotionHeal Regen+7}
   (You found it in the Dungeon)

   It increases your rate of regeneration.
 A - a +2 robe of cold resistance
 B - a +1 pair of boots of running (worn)
 L - a +2 helmet of intelligence (worn)
Jewellery
 i - an uncursed ring of ice
 r - an uncursed amulet of guardian spirit
 J - the amulet of the Air (around neck) {Inacc +Fly rElec EV+5 RMsl}
   (You found it in the Dungeon)

   [amulet of inaccuracy]

   It reduces the accuracy of all your attacks.
   It affects your evasion (+5).
   It insulates you from electricity.
   It lets you fly.
   It protects you from missiles.
 K - the ring "Viuptent" {+Blink rC+++ MP+9 Int-5 Dex+3}
   (You found it in the Dungeon)

   [ring of magical power]

   It affects your intelligence (-5).
   It affects your dexterity (+3).
   It renders you almost immune to cold.
   It affects your magic capacity (+9).
   It lets you blink.
 M - the ring of Atheism (left claw) {Dex+4 Slay+4}
   (You found it in the Dungeon)

   [ring of slaying]

   It affects your dexterity (+4).
   It affects your accuracy and damage with ranged weapons and melee attacks
   (+4).
 N - a +3 ring of evasion {unknown}
Wands
 a - a wand of random effects (28/48)
 m - a wand of confusion (43/48)
Scrolls
 w - a scroll of magic mapping {!r}
 z - a scroll of fog {!r}
 E - a scroll of remove curse {!r}
 O - a scroll of blinking {!r}
Potions
 c - a potion of mutation {!q}
 d - a potion of lignification {!q}
 e - 3 potions of curing {!q}
 h - 2 potions of magic {!q}
 t - a potion of cancellation {!q}
 v - a potion of ambrosia {!q, unknown}
 x - a potion of agility {!q}
 C - a potion of brilliance {!q}
 D - a potion of invisibility {!q}
Books
 k - a book of Geomancy

   Spells                             Type                      Level
   a - Sandblast                      Earth                        1
   b - Passwall                       Transmutation/Earth          2
   c - Stone Arrow                    Conjuration/Earth            3
   d - Petrify                        Transmutation/Earth          4
   e - Lee's Rapid Deconstruction     Earth                        5
 H - a book of Cantrips

   Spells                             Type                      Level
   a - Confusing Touch                Hexes                        1
   b - Animate Skeleton               Necromancy                   1
   c - Summon Small Mammal            Summoning                    1
   d - Apportation                    Translocation                1
Miscellaneous
 q - a phial of floods
 I - a fan of gales
Comestibles
 f - a meat ration
 j - a bread ration


   Skills:
 - Level 10.1 Fighting
 - Level 12.1 Short Blades
 + Level 16.5 Dodging
 - Level 20.0 Stealth
 - Level 4.0 Shields
 - Level 9.4 Spellcasting
 - Level 6.0 Transmutations
 - Level 12.0 Earth Magic


You had 11 spell levels left.
You knew the following spells:

 Your Spells              Type           Power        Failure   Level  Hunger
a - Sandblast             Erth           ######       1%          1    None
b - Passwall              Tmut/Erth      ######....   1%          2    None
c - Stone Arrow           Conj/Erth      #####.       1%          3    None
d - Lee's Rapid Deconstr  Erth           ######....   1%          5    ####...
e - Petrify               Tmut/Erth      ######..     1%          4    ##.....
f - Animate Skeleton      Necr           N/A          6%          1    None
g - Apportation           Tloc           ##....       6%          1    None
h - Confusing Touch       Hex            ##....       6%          1    None
i - Summon Small Mammal   Summ           ##..         6%          1    None


Dungeon Overview and Level Annotations

Branches:
Dungeon (1/1)

Altars:
Cheibriados
Dithmenos
Elyvilon
Fedhas
Gozag
Hepliaklqana
Kikubaaqudgha
Makhleb
Nemelex Xobeh
Okawaru
Qazlal
Ru
Sif Muna
Trog
Uskayaw
Vehumet
Wu Jian
Xom
Yredelemnul
Zin
The Shining One
Jiyva
Lugonu

Shops:
D *}[(([=?!=(:%!?[[*%[}:

Annotations:
D Lom Lobon, Tiamat


Innate Abilities, Weirdness & Mutations

You have very sharp fingernails.
You are mostly covered in slimy green scales. (AC +3)
Your flesh is cold resistant. (rC+)
You are slightly more attuned to the shadows.
You are immune to freezing clouds.
You occasionally shout uncontrollably at your foes.
You are covered in fur. (AC +1)


Message History

Tiamat breathes flames at you. The searing blast hits you!
Ouch! That really hurt!
* * * LOW HITPOINT WARNING * * *
You emit a cloud of dark smoke.
There is a large open door here.
Really walk into a travel-excluded area?
Okay, then.
Tiamat breathes poison at you.
Things that are here:
a hand axe; a robe
Casting: Lee's Rapid Deconstruction
Confirm with . or Enter, or press ? or * to list all spells.
Which direction?
You begin to meditate on the wall.
You continue meditating on the rock. x2
You finish merging with the rock.
Unknown command.
There is an open door here.
The daeva shouts!
The daeva calls down the wrath of the Shining One upon you.
The Shining One smites you!
The daeva calls down the wrath of the Shining One upon you.
The Shining One smites you!
There is an open door here.
You see here a great sword of flaming.
Why would you want to do that?
You feel very buoyant.
You fly up into the air.
You feel somewhat more hungry.
You pick up the Orb of Zot!
The Orb lets out a hideous shriek!
The lords of Pandemonium are not amused.
Beware!
Now all you have to do is get back out of the dungeon!
You see here a great sword of flaming.
Really quaff
F - a potion of resistance {!q}?
You feel protected.
A green death comes into view.
Really quaff
g - a potion of haste {!q}?
You feel yourself speed up.
Tiamat hits you from afar with a demon trident of venom!!
Really quaff
x - 2 potions of agility {!q}?
You feel agile all of a sudden. You block Tiamat's attack.
Tiamat closely misses you. Tiamat tail-slaps you!!
You emit a cloud of dark smoke.
You block Tiamat's attack.
You see here a great sword of flaming.
You see here a quarterstaff.
You are starting to lose your buoyancy.
Tiamat breathes frost at you. The chilling blast misses you.
You float gracefully downwards.
There is an open door here.
There is an open door here.
There is an open door here.
Casting: Passwall
Confirm with . or Enter, or press ? or * to list all spells.
Which direction?
HP restored.
You begin to meditate on the wall.
You continue meditating on the rock. x2
You finish merging with the rock.
There is an open door here.
You see here a giant spiked club.
There is an open door, spattered with blood here.
You see here a chain mail.
There is a staircase leading out of the dungeon here.
You have escaped!

##################
#@.#.)'..#..'..#__
#..[..#..').#..'..
#..#####'#####'#__
#..####..#...#.###
#..#__####..##§#≈≈
#..#_____##'#_§§§§
#⌠⌠#_.∩...'..._#§§
####_..__##_.#'##§
#..#_____###'#.#..


There were no monsters in sight!

Vanquished Creatures
  the Lernaean hydra (D)
  A golden dragon (D)
  A deep elf master archer (D)
  A shadow dragon (D)
  4 fire giants (D)
  A lorocyproca (D)
  A deep elf annihilator (D)
  A mummy priest (D)
  A hydra (D)
  2 centaur warriors (D)
  Sonja (D)
  7 unseen horrors (D)
  A deep troll (D)
  A lindwurm (D)
  2 oklob plants (D)
  8 shining eyes (D)
  A merfolk siren (D)
  A gargoyle (D)
  2 kobold demonologists (D)
  A hellwing (D)
  4 demonic crawlers (D)
  A meliai (D)
  5 hornets (D)
  A slime creature (D)
  Sigmund (D)
  2 redbacks (D)
  A yak (D)
  12 hogs (D)
  7 floating eyes (D)
  An ogre (D)
  7 necrophages (D)
  8 jellies (D)
  Ijyb (D)
  2 ballistomycetes (D)
92 creatures vanquished.

Vanquished Creatures (others)
  A merfolk siren (D)
  A gargoyle (D)
  2 ballistomycete spores (D)
4 creatures vanquished.

Grand Total: 96 creatures vanquished

Notes
Turn   | Place    | Note
-------+----------+-------------------------------------------
     0 | D        | Amnesiac the Demonspawn Earth Elementalist began the quest for the Orb.
     0 | D        | Reached XP level 1. HP: 13/13 MP: 3/3
     1 | D        | Noticed Ijyb
    14 | D        | Killed Ijyb
    14 | D        | Gained mutation: Your flesh is cold resistant. (rC+) [demonic ancestry]
    14 | D        | Reached XP level 2. HP: 19/19 MP: 3/6
    51 | D        | Noticed an ogre
    55 | D        | Killed an ogre
    55 | D        | Reached skill level 5 in Spellcasting
    55 | D        | Gained mutation: You are immune to freezing clouds. [demonic ancestry]
    55 | D        | Reached XP level 3. HP: 24/24 MP: 3/9
    55 | D        | Reached XP level 4. HP: 30/30 MP: 3/11
    59 | D        | Learned a level 2 spell: Passwall
    64 | D        | Learned a level 4 spell: Petrify
   124 | D        | Found a shadowy altar of Dithmenos.
   124 | D        | Found a sacrificial altar of Ru.
   124 | D        | Found a snail-covered altar of Cheibriados.
   124 | D        | Found an opulent altar of Gozag.
   124 | D        | Found a sparkling altar of Nemelex Xobeh.
   124 | D        | Found a basalt altar of Yredelemnul.
   124 | D        | Found a hide-covered altar of Uskayaw.
   124 | D        | Found a hazy altar of Hepliaklqana.
   124 | D        | Found an ancient bone altar of Kikubaaqudgha.
   124 | D        | Found Pimiluev's Antique Weapon Emporium.
   124 | D        | Found a glowing golden altar of the Shining One.
   124 | D        | Found an iron altar of Okawaru.
   124 | D        | Found a bloodstained altar of Trog.
   124 | D        | Found a blossoming altar of Fedhas.
   124 | D        | Found a stormy altar of Qazlal.
   124 | D        | Found a white marble altar of Elyvilon.
   124 | D        | Found a glowing silver altar of Zin.
   124 | D        | Noticed a yak
   124 | D        | Became a worshipper of Dithmenos the Shadowed
   187 | D        | Noticed Sigmund
   191 | D        | Killed Sigmund
   191 | D        | Reached XP level 5. HP: 25/35 MP: 8/14
   191 | D        | Gained mutation: You are partially covered in slimy green scales. (AC +2) [demonic ancestry]
   191 | D        | Reached XP level 6. HP: 29/41 MP: 8/15
   234 | D        | Found a deep blue altar of Sif Muna.
   235 | D        | Found an ornate altar of the Wu Jian Council.
   236 | D        | Found a radiant altar of Vehumet.
   240 | D        | Reached * piety under Dithmenos
   240 | D        | Reached skill level 10 in Earth Magic
   265 | D        | Killed a yak
   286 | D        | Learned a level 5 spell: Lee's Rapid Deconstruction
   290 | D        | Learned a level 3 spell: Stone Arrow
   294 | D        | Found a viscous altar of Jiyva.
   294 | D        | Found a corrupted altar of Lugonu.
   294 | D        | Noticed a slime creature
   295 | D        | Found a burning altar of Makhleb.
   295 | D        | Found a shimmering altar of Xom.
   407 | D        | Killed a slime creature
   407 | D        | Gained mutation: You are slightly more attuned to the shadows. [demonic ancestry]
   407 | D        | Reached XP level 7. HP: 24/46 MP: 8/19
   550 | D        | Noticed Sonja
   556 | D        | Killed Sonja
   556 | D        | Reached ** piety under Dithmenos
   556 | D        | Reached skill level 9 in Stealth
   556 | D        | Gained mutation: You have sharp fingernails. [demonic ancestry]
   556 | D        | Reached XP level 8. HP: 52/52 MP: 11/20
   579 | D        | Found Wiam Teo's General Store.
   586 | D        | Bought the +2 cloak of the Thief {+Fog Slay-2 SInv Stlth+} for 281 gold pieces
   586 | D        | Found the +2 cloak of the Thief {+Fog Slay-2 SInv Stlth+}
   586 | D        | Bought a potion of mutation for 112 gold pieces
   598 | D        | Noticed a shining eye
   598 | D        | Noticed a shining eye
   625 | D        | Gained mutation: Your spells are a little easier to cast, but a little less powerful. [a shining eye]
   629 | D        | Paralysed by a floating eye for 3 turns
   635 | D        | Reached skill level 10 in Stealth
   644 | D        | Killed a shining eye
   644 | D        | Reached skill level 5 in Short Blades
   658 | D        | Noticed a shining eye
   660 | D        | Gained mutation: Your body sometimes deteriorates upon taking damage. [a shining eye]
   661 | D        | Killed a shining eye
   661 | D        | Reached *** piety under Dithmenos
   661 | D        | Gained mutation: You have very sharp fingernails. [demonic ancestry]
   661 | D        | Reached XP level 9. HP: 57/57 MP: 0/21
   663 | D        | Noticed a shining eye
   680 | D        | Killed a shining eye
   765 | D        | Noticed a shining eye
   774 | D        | Noticed a shining eye
   776 | D        | Noticed a shining eye
   777 | D        | Killed a shining eye
   777 | D        | Reached skill level 10 in Short Blades
   891 | D        | Killed a shining eye
   903 | D        | Killed a shining eye
   903 | D        | Reached **** piety under Dithmenos
   903 | D        | Reached skill level 11 in Stealth
   907 | D        | Gained mutation: You expend magic power (3 MP) to strengthen your wands. [a shining eye]
   908 | D        | Killed a shining eye
   908 | D        | Reached skill level 12 in Stealth
   908 | D        | Gained mutation: You are mostly covered in slimy green scales. (AC +3) [demonic ancestry]
   908 | D        | Reached XP level 10. HP: 63/63 MP: 2/22
   913 | D        | Paralysed by a floating eye for 4 turns
   914 | D        | Noticed a shining eye
   926 | D        | Paralysed by a floating eye for 4 turns
   962 | D        | Killed a shining eye
   962 | D        | Reached skill level 13 in Stealth
  1058 | D        | Lost mutation: You expend magic power (3 MP) to strengthen your wands. [potion of mutation]
  1058 | D        | Lost mutation: Your body sometimes deteriorates upon taking damage. [potion of mutation]
  1058 | D        | Lost mutation: Your spells are a little easier to cast, but a little less powerful. [potion of mutation]
  1058 | D        | Gained mutation: You occasionally shout uncontrollably at your foes. [potion of mutation]
  1058 | D        | Gained mutation: You are covered in fur. (AC +1) [potion of mutation]
  1172 | D        | Noticed a deep troll
  1185 | D        | Killed a deep troll
  1185 | D        | Reached ***** piety under Dithmenos
  1185 | D        | Reached skill level 14 in Stealth
  1194 | D        | Killed a gargoyle
  1225 | D        | Bought a glowing quick blade for 450 gold pieces
  1327 | D        | Noticed a centaur warrior
  1327 | D        | Noticed a centaur warrior
  1327 | D        | Killed a centaur warrior
  1329 | D        | Killed a centaur warrior
  1329 | D        | Reached skill level 15 in Stealth
  1375 | D        | Noticed an oklob plant
  1483 | D        | Killed an oklob plant
  1624 | D        | Found Xown's Armour Emporium.
  1629 | D        | Bought a +0 buckler for 54 gold pieces
  1629 | D        | Bought a +0 pair of boots for 54 gold pieces
  1629 | D        | Bought a +0 helmet for 54 gold pieces
  1642 | D        | Noticed an unseen horror
  1642 | D        | Noticed an unseen horror
  1646 | D        | Killed an unseen horror
  1646 | D        | Reached XP level 11. HP: 68/68 MP: 22/24
  1648 | D        | Killed an unseen horror
  1662 | D        | Paralysed by a floating eye for 4 turns
  1670 | D        | Reached ****** piety under Dithmenos
  1673 | D        | Reached skill level 5 in Fighting
  1788 | D        | Found the +2 robe of Vines {NoPotionHeal Regen+7}
  1797 | D        | Reached skill level 1 in Transmutations
  1946 | D        | Reached skill level 5 in Transmutations
  1970 | D        | Noticed a lindwurm
  1970 | D        | Killed a lindwurm
  1990 | D        | Reached skill level 16 in Stealth
  1991 | D        | Reached skill level 5 in Dodging
  2330 | D        | Noticed a lorocyproca
  2367 | D        | Killed a lorocyproca
  2477 | D        | Reached skill level 17 in Stealth
  2766 | D        | Found Qukhy's Gadget Shoppe.
  2766 | D        | Found Ceonkaco's Armour Emporium.
  2767 | D        | Found Noillaf's Antique Weapon Shop.
  2767 | D        | Found Beifreac's Antique Armour Boutique.
  2779 | D        | Bought a +1 pair of boots of running for 438 gold pieces
  2826 | D        | Found Sunesk's Magic Scroll Shoppe.
  2826 | D        | Found Byosol's Jewellery Shop.
  2826 | D        | Found Itasealag's Distillery.
  2828 | D        | Found Loymop's Jewellery Emporium.
  2828 | D        | Found Loill's Antique Weapon Shop.
  2828 | D        | Found Vuhaukku's Book Shoppe.
  2828 | D        | Found Ysanuen's Food Boutique.
  2828 | D        | Found Nala's Distillery.
  2828 | D        | Found Qionnes's Magic Scroll Shop.
  2832 | D        | Bought a potion of mutation for 80 gold pieces
  2832 | D        | Bought a potion of heal wounds for 50 gold pieces
  2832 | D        | Bought a potion of agility for 40 gold pieces
  2832 | D        | Bought a potion of brilliance for 40 gold pieces
  2832 | D        | Bought a potion of invisibility for 80 gold pieces
  2832 | D        | Found Pikatz's Antique Armour Shoppe.
  2833 | D        | Found Buubec's Armour Boutique.
  2834 | D        | Found Doluutywn's Food Emporium.
  2834 | D        | Found Hicifuts's Assorted Antiques.
  2835 | D        | Found Egon's Gadget Emporium.
  2838 | D        | Bought a potion of lignification for 42 gold pieces
  2838 | D        | Bought a potion of agility for 56 gold pieces
  2843 | D        | Bought a scroll of fog for 24 gold pieces
  2843 | D        | Bought a scroll of blinking for 90 gold pieces
  2847 | D        | Bought a copper ring for 120 gold pieces
  2847 | D        | Bought a glowing pink potion for 21 gold pieces
  2852 | D        | Bought a scroll of identify for 24 gold pieces
  2853 | D        | Bought a scroll of identify for 24 gold pieces
  2861 | D        | Bought a scroll of identify for 22 gold pieces
  2862 | D        | Bought a scroll of remove curse for 33 gold pieces
  2862 | D        | Bought a scroll of enchant weapon for 82 gold pieces
  3133 | D        | Noticed a 12-headed hydra
  3135 | D        | Killed a 12-headed hydra
  3253 | D        | Noticed a deep elf annihilator
  3253 | D        | Noticed an oklob plant
  3253 | D        | Noticed a mummy priest
  3253 | D        | Killed a deep elf annihilator
  3253 | D        | Reached skill level 10 in Dodging
  3253 | D        | Reached XP level 12. HP: 92/92 MP: 16/25
  3291 | D        | Noticed a shadow dragon
  3291 | D        | Noticed a golden dragon
  3294 | D        | Killed a golden dragon
  3294 | D        | Reached skill level 18 in Stealth
  3371 | D        | Killed a shadow dragon
  3371 | D        | Reached skill level 19 in Stealth
  3492 | D        | Found Fileucs's Book Shoppe.
  3510 | D        | Bought a book of Cantrips for 220 gold pieces
  3513 | D        | Learned a level 1 spell: Animate Skeleton
  3515 | D        | Learned a level 1 spell: Apportation
  3517 | D        | Learned a level 1 spell: Confusing Touch
  3519 | D        | Learned a level 1 spell: Summon Small Mammal
  3662 | D        | Killed a mummy priest
  3666 | D        | Reached skill level 20 in Stealth
  3675 | D        | Noticed the 27-headed Lernaean hydra
  3684 | D        | Killed the 27-headed Lernaean hydra
  3692 | D        | Noticed a deep elf master archer
  3937 | D        | Found the amulet of the Air {Inacc +Fly rElec EV+5 RMsl}
  3970 | D        | Got a clouded lapis lazuli ring
  3971 | D        | Identified the ring "Viuptent" {+Blink rC+++ MP+9 Int-5 Dex+3} (You found it in the Dungeon)
  4038 | D        | Killed a deep elf master archer
  4038 | D        | Reached XP level 13. HP: 101/101 MP: 22/26
  4076 | D        | Got a warped plate armour
  4079 | D        | Got a twitching tin ring
  4085 | D        | Identified the ring of Atheism {Dex+4 Slay+4} (You found it in the Dungeon)
  4134 | D        | Noticed Lom Lobon
  4213 | D        | Noticed a daeva
  4223 | D        | Reached skill level 10 in Fighting
  4269 | D        | Noticed a fire giant
  4270 | D        | Noticed a fire giant
  4270 | D        | Noticed a fire giant
  4270 | D        | Noticed a fire giant
  4271 | D        | Killed a fire giant
  4273 | D        | Killed a fire giant
  4273 | D        | Reached skill level 15 in Dodging
  4275 | D        | Killed a fire giant
  4277 | D        | Killed a fire giant
  4316 | D        | Noticed Tiamat
  4868 | D        | Bought a scroll of blinking for 82 gold pieces
  4962 | D        | Got the Orb of Zot
  4970 | D        | Noticed a green death
  5007 | D        | Escaped with the Orb!

Vault maps used:
D:        dungeon_sprint_1

Skill      XL: |  1  2  3  4  5  6  7  8  9 10 11 12 13 |
---------------+----------------------------------------+-----
Spellcasting   | 3 5 6 8 9 |  9.4
Earth Magic    | 4 7 9 12 | 12.0
Stealth        | 9 10 12 15 17 20 | 20.0
Short Blades   | 7 11 12 | 12.1
Dodging        | 4 10 13 16 | 16.5
Shields        | 3 4 |  4.0
Fighting       | 8 9 10 | 10.1
Transmutations | 6 |  6.0

Action                   |  1- 3 |  4- 6 |  7- 9 | 10-12 | 13-15 || total
-------------------------+-------+-------+-------+-------+-------++-------
Melee: Unarmed           |    11 |       |     3 |    43 |       ||    57
       Quick blade       |       |       |       |   309 |     8 ||   317
 Fire: Blowgun           |       |       |    11 |     5 |       ||    16
Throw: Stone             |     1 |     1 |     2 |       |       ||     4
 Cast: Sandblast         |     3 |    14 |    18 |    18 |     9 ||    62
       Passwall          |       |     4 |       |    29 |     5 ||    38
       Petrify           |       |     4 |     1 |    29 |       ||    34
       Lee's Rapid Decon |       |       |    10 |     5 |    16 ||    31
       Stone Arrow       |       |       |       |     2 |       ||     2
Invok: Shadow Step       |       |       |       |     2 |     2 ||     4
 Abil: Evoke Flight      |       |       |       |       |     1 ||     1
Evoke: Wand              |       |       |       |     2 |       ||     2
  Use: Potion            |     1 |       |       |    11 |     3 ||    15
       Scroll            |       |       |       |     9 |     1 ||    10
 Stab: Sleeping          |       |       |       |    28 |     6 ||    34
       Petrifying        |       |       |       |    11 |       ||    11
       Petrified         |       |       |       |     9 |       ||     9
       Confused          |       |       |       |     2 |       ||     2
  Eat: Bread ration      |       |       |     1 |     1 |     1 ||     3
       Chunk             |       |       |       |     2 |       ||     2
       Royal jelly       |       |       |       |     1 |       ||     1
       Meat ration       |       |       |       |     1 |       ||     1
Armor: Robe              |     1 |     1 |       |    70 |       ||    72
       Skin              |       |       |       |    13 |       ||    13
Dodge: Dodged            |     4 |     3 |       |   133 |    12 ||   152
Block: Buckler           |       |       |       |    36 |     5 ||    41

Table legend:
 A = Spawn XP
 B = Non-spawn XP
 C = Spawn XP percentage of total XP
 D = Spawn monster count
 E = Non-spawn monster count
 F = Spawn count percentage of total count
 G = Total turns spent on level
                    A         B        C        D         E        F      G
               +---------+---------+-------+---------+---------+-------+---------
         Total |       0 |   50724 |   0.0 |       0 |      90 |   0.0 |  5007
               +---------+---------+-------+---------+---------+-------+---------
             D |       0 |   50724 |   0.0 |       0 |      90 |   0.0 |  5007
               +---------+---------+-------+---------+---------+-------+---------
